Map: Oceanborn LE

Players

Nyck

  • Race: Terran Terran
  • Spawn Location: 5:00

oldStrogg - Winner!

  • Race: Zerg Zerg
  • League: Platinum
  • Spawn Location: 11:00

VOD

Have the link to the VOD?

Description

Time

  • Played on: Oct. 9, 2024, 3:01 p.m.
  • Length: 24:32
Show
View Real Time Build Order
Export as new Build Order

Nyck Terran 

Build Orders: 2 Factory, Reaper Expand 

Get SALT Encoding   

  12  0:00  SCV  
  13  0:12  SCV  
  14  0:17  Supply Depot  
  14  0:24  SCV  
  15  0:39  SCV  
  15  0:40  Barracks  
  16  0:46  Refinery  
  16  0:51  SCV  
  16  0:54  Refinery  
  17  1:03  SCV  
  18  1:15  SCV  
  19  1:29  Reaper  
  20  1:42  Command Center  
  20  1:53  Orbital Command  
  20  2:01  Marine  
  21  2:13  Supply Depot  
  21  2:28  SCV  
  21  2:29  Marine  
  23  2:40  SCV  
  24  2:52  SCV  
  26  2:59  Orbital Command  
  26  3:04  Marine  
  25  3:08  Factory  
  25  3:19  Factory  
  25  3:22  SCV, Marine, Factory  
  27  3:41  Orbital Command  
  27  3:46  Marine  
  26  3:55  Factory Tech Lab  
  26  3:58  SCV  
  27  4:05  Marine  
  28  4:15  Factory Reactor x2  
  28  4:16  Infernal Pre-Igniter  
  28  4:20  SCV x2  
  30  4:24  Marine  
  30  4:27  Hellion  
  33  4:32  SCV  
  33  4:33  SCV  
  35  4:42  Marine  
  35  4:44  SCV  
  35  4:45  SCV  
  38  4:51  Hellion  
  38  4:52  Hellion x2  
  46  4:53  Hellion  
  46  4:56  Supply Depot  
  46  5:01  Refinery  
  46  5:05  Refinery  
  46  5:15  Engineering Bay  
  46  5:18  SCV x2, Hellion  
  50  5:28  Supply Depot  
  50  5:30  SCV x2  
  52  5:42  SCV x2  
  54  5:49  Marine  
  55  5:50  Supply Depot  
  55  5:54  SCV x2  
  47  6:02  Hellion  
  47  6:03  Hellion x4  
  57  6:06  SCV x2  
  57  6:22  SCV x2  
  57  6:25  Hellion x4  
  67  6:27  Supply Depot  
  67  6:31  Armory  
  67  6:36  SCV x2, Engineering Bay  
  69  6:46  Hellion x4  
  77  6:48  SCV x2  
  77  6:50  Terran Infantry Weapons Level 1  
  77  6:52  Hellion  
  81  7:00  SCV x2  
  83  7:07  Command Center  
  83  7:12  SCV x2  
  85  7:20  Hellion x4  
  93  7:24  SCV  
  93  7:26  Supply Depot  
  94  7:47  SCV x2  
  94  7:48  Supply Depot, Hellion  
  53  8:10  Hellion x2  
  53  8:11  Hellion x2  
  53  8:12  Hellion  
  63  8:22  Orbital Command  
  63  8:31  SCV x2, Bunker  
  63  8:32  Hellion x4  
  63  8:33  Hellion  
  75  8:36  Terran Infantry Armor Level 1  
  75  8:42  Starport  
  75  8:46  Barracks  
  75  8:47  Terran Infantry Weapons Level 2  
  75  8:48  Barracks  
  75  8:50  Terran Vehicle And Ship Armor Level 1  
  75  8:53  Hellion x3  
  75  8:54  Orbital Command  
  81  8:56  Hellion  
  81  8:57  Hellion  
  81  9:01  SCV x2  
  87  9:07  Marine  
  88  9:22  Barracks  
  86  9:25  Marine  
  86  9:27  Orbital Command  
  87  9:42  Marine  
  87  9:43  SCV x2  
  90  9:55  SCV x2  
  92  10:00  SCV, Marine  
  92  10:03  Medivac x2  
  92  10:04  Barracks Tech Lab, Barracks Reactor  
  98  10:10  Barracks Reactor  
  98  10:15  SCV x3  
  98  10:19  Barracks Tech Lab  
  98  10:21  Barracks Reactor  
  101  10:25  Barracks  
  101  10:27  Marine  
  102  10:33  SCV x3  
  105  10:36  Refinery  
  105  10:39  Refinery  
  105  10:41  Terran Infantry Armor Level 2  
  105  10:45  SCV x3, Marine  
  105  10:47  Marine x4  
  91  11:32  Marine x6  
  86  11:33  Marine x2  
  86  11:38  Widow Mine x3  
  97  11:40  Medivac x2  
  97  11:46  SCV x3  
  104  11:48  Terran Infantry Weapons Level 3  
  104  11:50  Marine x8  
  112  11:59  Command Center, Widow Mine x3  
  118  12:07  Marine  
  118  12:08  Marine x6  
  119  12:15  Combat Shield  
  125  12:23  Marine, Medivac x2  
  125  12:24  Widow Mine  
  125  12:25  Marine  
  125  12:26  Marine x6  
  125  12:28  SCV x3  
  142  12:32  Supply Depot  
  142  12:36  Widow Mine  
  144  12:41  Marine, Terran Vehicle And Ship Armor Level 2  
  144  12:43  Marine  
  144  12:44  Marine x3  
  149  12:52  Marine x3  
  149  12:53  Medivac x2  
  149  12:56  Supply Depot  
  149  12:57  Hellion x2  
  160  12:59  Marine  
  160  13:01  Marine x4  
  165  13:10  SCV x3, Marine x3  
  171  13:15  Orbital Command  
  171  13:17  Marine  
  171  13:18  Supply Depot  
  171  13:19  Marine  
  171  13:23  Medivac x2  
  115  13:34  Stimpack  
  164  13:44  Orbital Command  
  164  13:47  Command Center, Barracks Reactor  
  164  13:51  Marine x3  
  164  13:52  Marine x4  
  164  13:53  Medivac x2  
  173  14:08  SCV  
  173  14:09  SCV, Marine x4  
  179  14:10  SCV, Marine  
  181  14:37  Supply Depot  
  181  14:39  SCV x2, Marine x6  
  181  14:41  SCV, Marine x3, Medivac x2  
  174  14:56  Marine x6  
  174  14:59  Marine x3  
  164  15:11  Medivac x2  
  168  15:14  Marine x6  
  168  15:17  Orbital Command, Marine x3  
  177  15:32  Marine x6  
  177  15:34  Marine x3  
  186  15:41  Medivac  
  182  16:08  Supply Depot  
  182  16:19  Orbital Command  
  182  16:20  Supply Depot  
  182  16:31  Supply Depot  
  182  16:43  Supply Depot  
  180  16:53  Supply Depot  
  180  17:05  Supply Depot  
  179  17:28  Supply Depot  
  179  17:52  Supply Depot  
  179  18:10  Supply Depot  
  179  18:13  Supply Depot  
  179  18:14  Supply Depot  
  179  18:15  Supply Depot  
  179  18:25  Supply Depot  
  122  18:27  Marine x3  
  122  18:28  SCV, Marine x3  
  102  18:38  Supply Depot  
  102  18:40  SCV  
  103  18:42  Supply Depot  
  103  18:45  Marine x6  
  103  18:46  Supply Depot  
  109  18:50  SCV x2  
  109  18:52  SCV  
  112  19:02  SCV x2  
  114  19:03  Marine x5  
  114  19:04  SCV  
  114  19:06  Supply Depot  
  114  19:09  Supply Depot  
  119  19:14  SCV x2  
  119  19:16  SCV  
  104  19:21  Marine x5  
  95  19:29  Supply Depot  
  94  19:32  Supply Depot  
  94  19:39  Marine x4  
  94  19:41  Barracks Reactor  
  98  19:55  Supply Depot  
  98  19:56  Marine  
  98  19:57  Marine x3  
  98  19:59  Supply Depot  
  102  20:06  Barracks  
  102  20:14  Marine x4  
  102  20:19  Marine x2  
  101  20:32  Marine x4  
  79  20:36  Marine  
  79  20:37  Marine  
  78  20:50  Marine x4  
  78  20:54  Marine x2  
  84  21:02  Barracks  
  84  21:04  Barracks  
  84  21:05  Barracks  
  84  21:08  Marine x4  
  84  21:10  SCV x2  
  88  21:12  Marine x2  
  86  21:35  Marine x2  
  86  21:36  Marine x4  
  86  21:39  SCV  
  94  21:40  SCV  
  94  21:51  Barracks  
  94  21:52  SCV  
  94  21:53  Marine x6  
  101  21:56  Barracks  
  92  22:11  Marine x4  
  96  22:18  Marine  
  96  22:20  Barracks Reactor x3  
  96  22:22  SCV  
  99  22:23  Marine  
  99  22:28  Marine  
  99  22:29  Marine x2  
  102  22:35  Marine  
  103  22:41  Marine  
  104  22:46  Marine  
  104  22:47  Marine x2, Barracks Reactor  
  107  22:51  SCV  
  107  22:53  Marine  
  107  22:54  Barracks Reactor  
  107  22:58  Marine  
  109  22:59  Marine x6  
  109  23:04  SCV, Marine  
  109  23:05  Marine x2  
  120  23:11  Marine  
  109  23:17  Marine  
  108  23:22  Marine x2  
  110  23:30  Marine x2  
  110  23:31  Marine x5  
  110  23:32  Marine x2  
  119  23:34  Marine  
  119  23:40  Marine x2  
  122  23:47  Marine  
  102  23:57  Marine  
  102  23:58  Marine x4  
  97  24:10  Marine  
Show
View Real Time Build Order
Export as new Build Order

oldStrogg Zerg - Winner!

Build Orders: Hatch First, Swarm Host 

Get SALT Encoding   

  12  0:01  Drone  
  13  0:13  Overlord  
  13  0:17  Drone  
  14  0:32  Drone x2  
  17  0:35  Drone  
  17  0:53  Hatchery  
  17  0:56  Extractor  
  15  0:58  Drone  
  15  1:03  Drone  
  17  1:17  Drone  
  18  1:21  Spawning Pool  
  17  1:29  Drone  
  17  1:30  Drone  
  19  1:40  Drone  
  20  1:51  Overlord  
  20  2:08  Queen  
  20  2:09  Queen  
  20  2:10  Metabolic Boost  
  20  2:14  Zergling x2  
  25  2:18  Zergling x2  
  25  2:20  Zergling x2  
  28  2:22  Zergling x2  
  29  2:30  Drone x2  
  30  2:56  Queen  
  32  3:05  Queen  
  33  3:17  Hatchery  
  33  3:19  Drone x3  
  35  3:21  Overlord  
  35  3:55  Baneling Nest  
  34  3:56  Drone  
  34  3:57  Drone x8  
  43  4:07  Pneumatized Carapace  
  43  4:11  Overlord  
  43  4:21  Queen, Extractor  
  44  4:28  Overlord  
  44  4:33  Drone x10  
  54  5:10  Spore Crawler  
  54  5:12  Spore Crawler  
  52  5:17  Spore Crawler  
  52  5:20  Spore Crawler x2, Extractor  
  48  5:23  Extractor  
  48  5:27  Zergling x2  
  48  5:28  Zergling x36  
  65  5:39  Lair  
  65  5:42  Baneling x2  
  65  5:43  Baneling x3  
  65  5:46  Overlord x2  
  65  5:47  Overlord  
  57  6:03  Drone x4  
  59  6:38  Overseer x2  
  59  6:41  Drone x10  
  59  6:42  Drone x5  
  74  6:47  Roach Warren  
  74  6:48  Drone x9  
  74  6:52  Extractor  
  74  6:54  Baneling x7, Extractor  
  81  6:55  Baneling x6  
  80  7:08  Infestation Pit  
  79  7:11  Evolution Chamber x2  
  79  7:14  Evolution Chamber  
  76  7:27  Baneling x5  
  76  7:29  Zergling x4  
  82  7:30  Zergling x18  
  87  7:44  Zergling x2  
  87  7:45  Zergling x2, Overlord  
  77  8:15  Drone x13  
  90  8:20  Zerg Melee Weapons Level 1  
  90  8:21  Zerg Ground Armor Level 1, Zerg Missile Weapons Level 1  
  90  8:23  Baneling  
  90  8:24  Baneling x16  
  90  8:49  Extractor  
  90  8:50  Hatchery  
  90  8:52  Extractor  
  90  8:53  Overlord x2  
  90  8:54  Overlord x2  
  87  9:05  Infestor x3  
  87  9:06  Infestor  
  87  9:09  Hatchery, Extractor  
  93  9:10  Extractor  
  82  9:39  Roach  
  82  9:40  Swarm Host  
  82  9:41  Swarm Host x10  
  117  10:13  Burrow  
  117  10:21  Baneling  
  117  10:22  Baneling x4  
  117  10:28  Drone x10  
  117  10:29  Drone x11  
  138  10:56  Spine Crawler x2  
  136  10:57  Spine Crawler  
  136  10:58  Spine Crawler  
  136  10:59  Spine Crawler x2  
  136  11:02  Spine Crawler  
  128  11:25  Zerg Melee Weapons Level 2  
  123  11:26  Zerg Missile Weapons Level 2  
  123  11:27  Spire  
  122  11:44  Drone x7  
  122  11:45  Drone x13  
  142  11:53  Overlord x4  
  142  11:54  Overlord  
  142  12:04  Overlord  
  142  12:07  Hive  
  142  12:11  Queen  
  142  12:12  Extractor  
  142  12:13  Queen, Extractor  
  142  12:14  Infestor x4  
  142  12:15  Hatchery, Queen  
  145  12:29  Nydus Network  
  144  12:37  Nydus Network  
  144  12:41  Extractor, Swarm Host  
  144  12:42  Swarm Host x15  
  190  12:46  Hatchery, Extractor  
  188  13:05  Overlord  
  188  13:06  Overlord  
  188  13:28  Queen  
  188  13:30  Drone x10  
  200  13:35  Greater Spire  
  200  14:02  Nydus Canal  
  200  14:05  Nydus Canal  
  197  15:26  Zerg Ground Armor Level 2  
  197  15:30  Overlord x3  
  197  15:31  Overlord x3  
  197  15:37  Nydus Canal  
  197  15:55  Nydus Network  
  196  16:04  Zergling x2  
  196  16:05  Zergling x6  
  200  16:18  Ultralisk Cavern  
  200  16:22  Zergling x2  
  200  16:24  Baneling  
  200  16:25  Baneling x7  
  200  16:52  Zergling x2  
  200  16:53  Zergling x4  
  175  17:09  Zergling x6  
  175  17:10  Zergling x44  
  186  17:31  Nydus Canal  
  186  17:34  Baneling  
  186  17:35  Baneling x20  
  186  17:36  Baneling x14  
  179  17:44  Drone x14  
  151  18:46  Spawning Pool  
  150  19:24  Overlord x2  
  150  19:25  Overlord x3  
  150  19:45  Nydus Canal  
  150  19:55  Lair  
  150  20:12  Hatchery  
  150  20:13  Hatchery  
  148  20:24  Nydus Canal  
  148  20:49  Extractor  
  147  21:11  Nydus Canal  
  147  21:34  Nydus Canal  
  147  21:38  Spire  
  146  21:43  Drone  
  146  21:44  Drone x18  
  165  22:06  Hatchery  
  164  22:13  Nydus Canal  
  164  22:20  Queen  
  164  22:22  Queen  
  168  22:46  Evolution Chamber x2  
  168  22:47  Evolution Chamber  
  168  22:51  Baneling Nest, Extractor x2  
  163  22:52  Hatchery  
  158  23:19  Zergling x2  
  159  23:20  Zergling x40  
  159  23:25  Extractor  
  178  23:29  Baneling Nest  
  177  23:42  Baneling  
  177  23:43  Baneling x22  
  177  23:44  Baneling x19  
Tags
 
Add a new tag
Caveats
  • Supply blocks, unpowered buildings, or Contaminate may cause inaccurate times.
  • Supply counts are checked every 10 seconds.